AoeStats
← Plechy

Nomad

503201708Analyzed
2v2 RM · 2mo ago on Aug 30, 2026· 64m 21s· 4 players
Game mode
Random Map
Map size
176×176
Population
200
Speed
Normal
Resources
Standard
Victory
Conquest
Starting age
Dark Age
Ending age
Imperial Age
RankedLock teamsTeams togetherTeam positionsShared explorationLock speedFull tech treeHidden civsTurbo modeCheats
Victory
Defeat
🇹🇷 Japanese · Türkiye
787
+16
🇹🇷 Wu · Türkiye
769
+17
vs
🇨🇿 Portuguese · Czechia
801
-17
🇺🇸 Bohemians · United States
760
-15
Plechy
4:11 Loom
16:52 Feudal Age
23:52 Castle Age
22:58 Padded Archer Armor
22:48 Fletching
23:51 Fishing Lines
24:35 Crossbowman
26:05 Bodkin Arrow
26:05 Gillnets
28:41 Gambesons
28:40 Pikeman
31:37 Wheelbarrow
32:57 Circumnavigation
33:35 Double-Bit Axe
33:46 Gold Mining
33:47 Stone Mining
37:31 Imperial Age
35:39 Leather Archer Armor
38:03 Ballistics
38:36 Bow Saw
37:51 Halberdier
39:07 Hand Cart
40:29 Chemistry
39:42 Scale Mail Armor
39:54 Forging
40:11 Elite Organ Gun
45:17 Arquebus
45:50 Scale Barding Armor
46:21 Iron Casting
46:04 Cavalier
46:56 Bloodlines
46:47 Husbandry
51:11 Chain Barding Armor
52:58 Conscription
Copenhagen117
14:32 Loom
18:04 Feudal Age
19:31 Wheelbarrow
19:48 Double-Bit Axe
19:47 Fishing Lines
21:24 Arson
24:52 Fletching
27:41 Castle Age
27:32 Padded Archer Armor
29:17 Hand Cart
29:15 Caravan
29:10 Gillnets
30:06 Leather Archer Armor
29:47 Bodkin Arrow
31:54 Bow Saw
36:18 Imperial Age
35:07 Chemistry
34:28 Ballistics
34:20 Masonry
35:31 Forging
38:14 Houfnice
41:40 Two-Man Saw
40:44 Husbandry
40:05 Light Cavalry
40:06 Cavalier
41:53 Architecture
42:12 Elite Cannon Galleon
46:07 Medium Warships
45:21 Demolition Ship
48:56 Conscription
49:03 Heavy Scorpion
50:44 Heavy Warships
53:45 Siege Engineers
54:42 Pikeman
55:22 Squires
56:31 Halberdier
genovese
12:01 Loom
16:45 Feudal Age
17:22 Horse Collar
17:31 Double-Bit Axe
21:07 Bloodlines
24:51 Castle Age
23:23 Forging
24:07 Stone Mining
25:06 Gold Mining
26:25 Husbandry
28:47 Bow Saw
28:42 Heavy Plow
29:53 Scale Mail Armor
31:23 Wheelbarrow
30:34 Town Watch
33:41 Iron Casting
33:22 Chain Mail Armor
34:12 Hand Cart
36:41 Scale Barding Armor
36:52 Town Patrol
37:42 Ballistics
41:03 Chain Barding Armor
42:25 Padded Archer Armor
42:16 Fletching
46:21 Imperial Age
46:40 Capped Ram
49:05 Chemistry
47:46 Treadmill Crane
47:41 Elite Samurai
48:57 Hoardings
48:43 Conscription
48:47 Kataparuto
48:28 Yasama
50:45 Onager
63:12 Fervor
63:02 Atonement
63:36 Plate Mail Armor
64:13 Blast Furnace
63:09 Bodkin Arrow
63:29 Leather Archer Armor
Ramizpaşa
7:28 Loom
15:50 Feudal Age
16:25 Double-Bit Axe
16:27 Horse Collar
16:46 Fishing Lines
24:43 Castle Age
23:55 Fletching
24:15 Forging
24:06 Padded Archer Armor
24:06 Scale Mail Armor
24:12 Scale Barding Armor
24:32 Stone Mining
24:32 Gold Mining
26:54 Bow Saw
27:04 Heavy Plow
28:15 Stone Shaft Mining
28:35 Gold Shaft Mining
28:34 Bodkin Arrow
28:55 Leather Archer Armor
30:12 Wheelbarrow
31:16 Iron Casting
30:41 Gillnets
32:58 Town Watch
33:29 Hand Cart
34:10 Medium Warships
33:21 Demolition Ship
34:28 Town Patrol
38:15 Imperial Age
37:01 Chain Mail Armor
37:06 Chain Barding Armor
37:01 Masonry
37:00 Siphons
37:55 Murder Holes
38:11 Clinker Construction
37:53 Heated Shot
38:45 Husbandry
38:47 Red Cliffs Tactics
39:17 Heavy Demolition Ship
40:23 Heavy Warships
41:51 Two-Man Saw
41:25 Conscription
41:30 Heavy Hei Guang Cavalry
42:18 Bracer
44:47 Blast Furnace
44:17 Plate Mail Armor
44:23 Plate Barding Armor
45:11 Guard Tower
45:42 Ballistics
45:03 Treadmill Crane
47:43 Sitting Tiger
48:24 Keep
48:51 Chemistry
49:08 Guilds
49:29 Coinage
48:59 Caravan
50:06 Elite Fire Archer
52:04 Architecture
51:57 Carvel Hull
58:08 Banking
Connection lost

Rejoining the realm…

Still unreachable

The connection could not be restored.

Session expired

The server has moved on; the page needs a fresh start.